 Dungeon Crawl Stone Soup version 0.27-a0-1196-g3e9cee4cb2 (webtiles) character file.

Game seed: 5622977678282106567

81 funkygono the Magician (level 4, 0/31 HPs)
             Began as a Djinni Fire Elementalist on May 29, 2021.
             Hit by a goblin thrown by Robin (3 damage)
             ... on level 2 of the Dungeon.
             The game lasted 00:03:57 (1886 turns).

funkygono the Magician (Djinni Fire Elementalist)   Turns: 1886, Time: 00:03:57

Health: 0/31       AC:  3    Str: 13    XL:     4   Next: 68%
Gold:   124        EV: 12    Int: 19    God:
                   SH:  0    Dex: 14

rFire    + + .     SeeInvis .   h - +0 rapier
rCold    x . .     Faith    .   (no shield)
rNeg     + . .     Spirit   .   a - +0 robe
rPois    ∞         Reflect  .   e - +0 helmet
rElec    .         Harm     .   (no cloak)
rCorr    .         Rampage  .   (no gloves)
Will     .....                  (boots unavailable)
Stlth    +++.......             (no amulet)
HPRegen  0.10/turn              f - ring of positive energy
MPRegen  0.00/turn              i - +6 ring of strength

@: flying
A: sickness immunity, fire resistance 2, cold vulnerability 1, float, innate
caster, hp casting, extra vitality 1, thin skeletal structure 1, clever 1,
clumsy 1
a: no special abilities


You were on level 2 of the Dungeon.
You visited 1 branch of the dungeon, and saw 2 of its levels.

You collected 124 gold pieces.

Inventory:

Hand Weapons
 c - a +0 short sword
 h - a +0 rapier (weapon)
Armour
 a - a +0 robe (worn)
 b - a +0 leather armour
 e - a +0 helmet (worn)
Jewellery
 f - a ring of positive energy (left hand)
 g - a ring of protection from fire
 i - a +6 ring of strength (right hand)
 j - a ring of protection from fire


   Skills:
 + Level 0.1 Fighting
 + Level 2.4 Dodging
 + Level 2.1 Stealth
 + Level 3.6 Spellcasting


You couldn't memorise any spells.
You knew the following spells:

 Your Spells              Type           Power      Damage    Failure   Level
a - Foxfire               Conj/Fire      68%        2x1d7     3%          1
b - Conjure Flame         Conj/Fire      17%        6-21      10%         3
c - Inner Flame           Hex/Fire       17%        N/A       10%         3
d - Sticky Flame          Conj/Fire      17%        2d4       30%         4
e - Fireball              Conj/Fire      8%         3d6       65%         5
f - Shock                 Conj/Air       68%        1d7       3%          1
Your spell library was empty.

Dungeon Overview and Level Annotations

Branches:
Dungeon (2/15)

Altars:

Annotations:
D:2 Robin


Innate Abilities, Weirdness & Mutations

You are immune to sickness and miasma.
You are immune to poison.
Your flesh is very heat resistant. (rF++)
You are vulnerable to cold. (rC-)
You float through the air rather than walking.
You learn spells naturally, not from books.
Your magical power is your life essence.
You have superior vitality. (+4 HP)
You have a somewhat thin skeletal structure. (Dex +2, Stealth+)
Your mind is acute. (Int +2)
You are clumsy. (Dex -2)


Message History

Robin is heavily wounded.
A goblin comes into view. It is wielding a +0 club.
Robin drinks a potion.
Robin is healed!
You barely miss Robin.
Robin is lightly wounded.
Robin barely misses you.
A goblin comes into view. It is wielding a +0 dagger.
You hit Robin.
Robin is moderately wounded.
Robin hits you with a +0 dagger! Robin throws the goblin at you!
The goblin barely misses you.
A goblin comes into view. It is wielding a +0 dagger.
The goblin hits you with a +0 club.
* * * LOW HITPOINT WARNING * * *
The goblin hits you but does no damage.
The goblin no longer looks unusually strong.
Robin throws the goblin at you!
* * * LOW HITPOINT WARNING * * *
The goblin barely misses you.
Robin roars a battlecry!
The goblin goes into a battle-frenzy!
The goblin hits you but does no damage.
You hear a shout! x2
Robin throws the goblin at you! The goblin closely misses you.
It was a potion of mutation.
You feel extremely strange.
You feel clever.
You feel clumsy.
Your bones become slightly less dense.
The goblin hits you with a +0 club.
* * * LOW HITPOINT WARNING * * *
The goblin closely misses you.
A hobgoblin comes into view.
The goblin misses you.
The goblin no longer looks unusually strong.
The goblin barely misses you.
Robin roars a battlecry!
The goblins go into a battle-frenzy!
The goblin no longer looks unusually strong.
Robin roars a battlecry!
The goblin goes into a battle-frenzy!
Robin throws the goblin at you!
You die...

....#....#####.#
###...g#..####.#
#............##
#..g#....###..######
#.#.#.##g..........#
#......#..g........#
#.###..............#
#..............g...#
#.###......g.g@....#
#.# ##..##.#########
#.# #####..## ###.#
##..# ....# ##.#
###.####### #.#
#.......####.#
###.#####......#
....# ########


You could see Robin, a hobgoblin (strong) and 3 goblins.

Vanquished Creatures
  A gnoll (D:1)
  3 adders (D:2)
  A dart slug (D:1)
  5 ball pythons
  6 endoplasms
  A giant cockroach (D:2)
  4 hobgoblins (D:2)
  4 jackals (D:1)
  2 kobolds
  A quokka (D:1)
  3 bats (D:1)
  2 frilled lizards
  4 goblins
  5 rats
42 creatures vanquished.

Vanquished Creatures (others)
  90 foxfires
90 creatures vanquished.

Grand Total: 132 creatures vanquished

Notes
Turn   | Place    | Note
-------+----------+-------------------------------------------
     0 | D:1      | funkygono the Djinni Fire Elementalist began the quest for
                  | the Orb.
     0 | D:1      | Reached XP level 1. HP: 15/15 MP: 0/0
   115 | D:1      | Reached XP level 2. HP: 3/21 MP: 0/0
   421 | D:1      | Found a faded altar of an unknown god.
   429 | D:1      | Reached skill level 3 in Spellcasting
   495 | D:1      | You are sucked into a shaft and drop 1 floor!
   512 | D:2      | Reached XP level 3. HP: 23/25 MP: 0/0
   512 | D:2      | Learned a level 1 spell: Shock
  1347 | D:2      | Reached XP level 4. HP: 28/31 MP: 0/0
  1853 | D:2      | Identified the +0 helmet of Zuneudgh {rElec rC- rN+++
                  | rCorr}
  1853 | D:2      | Noticed Robin
  1871 | D:2      | Gained mutation: Your mind is acute. (Int +2) [potion of
                  | mutation]
  1871 | D:2      | Gained mutation: You are clumsy. (Dex -2) [potion of
                  | mutation]
  1871 | D:2      | Gained mutation: You have a somewhat thin skeletal
                  | structure. (Dex +2, Stealth+) [potion of mutation]
  1886 | D:2      | Hit by a goblin thrown by Robin

Illustrated notes

Levels and vault maps discovered:
D:1:      lightli_arrival_chessboard, layout_basic,
          hellmonk_ecumenical_altar_dog_temple
D:2:      minmay_razor_zed, layout_rooms, uniq_robin

Skill      XL: |  1  2  3  4 |
---------------+-------------+-----
Spellcasting   | 3 |  3.6
Stealth        | 2 |  2.1
Fighting       | |  0.1
Dodging        | |  2.4

Action                   |  1- 3 |  4- 6 || total
-------------------------+-------+-------++-------
Melee: Rapier            |     5 |     9 ||    14
 Cast: Foxfire           |    38 |    15 ||    53
       Shock             |     2 |    14 ||    16
  Use: Scroll            |     2 |       ||     2
       Potion            |       |     1 ||     1
Armor: Robe              |     1 |     6 ||     7
Dodge: Dodged            |     6 |    12 ||    18

Table legend: (Time is in decaauts)
 A = Elapsed time spent in this place.
 B = Non-inter-level travel time spent in this place.
 C = Inter-level travel time spent in this place.
 D = Time resting spent in this place.
 E = Time spent auto-exploring this place.
 F = Levels seen in this place.
 G = Mean time per level.
                   A        B        C        D        E       F      G
               +--------+--------+--------+--------+--------+-----+--------+
         Total |   1886 |   1868 |     18 |    246 |   1351 |   2 |  943.0 |
       Dungeon |   1886 |   1868 |     18 |    246 |   1351 |   2 |  943.0 |
               +--------+--------+--------+--------+--------+-----+--------+

Top non-repeatable levels by time:
     D:1: 1125 daAuts
     D:2: 761 daAuts
